Map: Torri del crepuscolo

Players

marley

  • Race: Zerg Zerg
  • League: Silver

Jhyrachy - Winner!

  • Race: Zerg Zerg
  • League: Silver

VOD

Have the link to the VOD?

Description

Time

  • Played on: March 30, 2016, 8:41 a.m.
  • Length: 5:00
Show
View Real Time Build Order
Export as new Build Order

marley Zerg 

Build Orders: Pool First 

Get SALT Encoding   

  12  0:18  Spawning Pool  
  11  0:22  Drone  
  11  0:26  Drone  
  13  0:31  Extractor  
  13  0:33  Drone  
  13  0:39  Drone  
  14  0:48  Overlord  
  14  0:55  Extractor, Drone  
  15  1:06  Drone, Evolution Chamber  
  15  1:16  Zergling x2  
  16  1:24  Queen  
  18  1:28  Zergling x2  
  19  1:43  Zergling x2  
  19  1:46  Metabolic Boost  
  20  1:51  Zergling x2  
  21  1:58  Overlord  
  21  2:10  Drone  
  21  2:14  Zerg Melee Weapons Level 1  
  22  2:24  Zergling x2  
  23  2:50  Zergling x4  
  22  3:01  Zergling x2  
  22  3:05  Zergling x2  
  23  3:13  Zergling x2  
  21  3:32  Zergling x2  
  22  3:37  Drone  
  22  3:44  Overlord x3  
  22  3:55  Roach Warren  
  22  3:59  Hatchery  
  20  4:11  Spine Crawler  
  18  4:18  Zergling x2  
  18  4:19  Zergling x4  
  6  4:38  Zergling x2  
Show
View Real Time Build Order
Export as new Build Order

Jhyrachy Zerg - Winner!

Build Orders: Hatch First 

Get SALT Encoding   

  12  0:01  Drone  
  13  0:12  Drone  
  14  0:17  Overlord  
  15  0:35  Drone x2  
  15  0:36  Drone  
  17  0:53  Hatchery  
  17  0:56  Drone  
  17  1:01  Extractor  
  16  1:24  Spawning Pool  
  15  1:45  Drone x3  
  18  1:56  Overlord  
  18  2:11  Queen x2  
  18  2:13  Zergling x4  
  18  2:14  Metabolic Boost  
  24  2:27  Zergling x2  
  24  2:28  Zergling x4  
  26  2:37  Spine Crawler  
  26  2:41  Zergling x2  
  26  2:42  Zergling x4  
  26  2:53  Zergling x4  
  28  3:11  Zergling x6  
  28  3:29  Zergling x14  
  35  3:34  Overlord  
  35  3:35  Overlord  
  34  3:56  Zergling x2  
  34  3:57  Zergling x10  
Tags
 
Add a new tag
Caveats
  • Supply blocks, unpowered buildings, or Contaminate may cause inaccurate times.
  • Supply counts are checked every 10 seconds.